 Dungeon Crawl Stone Soup version 0.30-b1-2-g02819fbbbe (webtiles) character file.

Game seed: 1340601886894546441

26 redmage the Digger (level 3, 0/26 HPs)
             Began as a Meteoran Earth Elementalist on Aug 4, 2023.
             Killed from afar by Sigmund (11 damage)
             ... with a puff of flame
             ... on level 3 of the Dungeon.
             The game lasted 00:03:08 (238 turns).

redmage the Digger (Meteoran Earth Elementalist)     Turns: 238, Time: 00:03:09

Health: 0/26       AC:  2    Str:  9    XL:     3   Next: 41%
Magic:  6/8        EV: 12    Int: 18    God:
Gold:   64         SH:  0    Dex: 15    Spells: 2/8 levels left

rFire   . . .        c - +1 mace (venom)
rCold   . . .        (no shield)
rNeg    . . .        a - +0 robe
rPois   .            (no helmet)
rElec   .            (no cloak)
rCorr   .            (no gloves)
SInv    .            (no boots)
Will    .....        (no amulet)
Stlth   +            (no ring)
HPRegen 0.24/turn    (no ring)
MPRegen 0.11/turn

%: no passive effects
@: glowing
A: sense surroundings 1, otherworldly, glowing, explore regen
a: no special abilities


You were on level 3 of the Dungeon.
You visited 1 branch of the dungeon, and saw 3 of its levels.

You collected 64 gold pieces.

Inventory:

Hand Weapons
 c - a +1 mace of venom (weapon)
Armour
 a - a +0 robe (worn)
Scrolls
 e - a scroll of noise {unknown}
 f - a scroll of magic mapping {unknown}
Potions
 b - a potion of magic
 g - 2 potions of flight {unknown}


   Skills:
 - Level 2.4 Dodging
 - Level 1.4 Stealth
 - Level 3.1 Spellcasting
 * Level 1.1 Conjurations
 - Level 2.0 Transmutations
 + Level 4.1 Earth Magic


You had 2 spell levels left.
You knew the following spells:

 Your Spells              Type           Power      Damage    Failure   Level
a - Sandblast             Erth           34%        2d9       3%          1
b - Passwall              Tmut/Erth      11%        N/A       7%          2
c - Stone Arrow           Conj/Erth      24%        3d8       16%         3

Your spell library contained the following spells:

 Spells                   Type           Power      Damage    Failure   Level
 Foxfire                  Conj/Fire      16%        2x1d4     13%         1
 Petrify                  Tmut/Erth      14%        N/A       41%         4
 Fireball                 Conj/Fire      2%         3d4       98%         5
 Plasma Beam              Fire/Air       1%         2x1d12    100%        6
 Starburst                Conj/Fire      2%         6d3       100%        6


Dungeon Overview and Level Annotations

Branches:
Dungeon (3/15) Zot: 1550

Altars:

Annotations:
D:3 Sigmund


Innate Abilities, Weirdness & Mutations

You passively map a small area around you.
You are easily found by Zot.
You glow in the dark.
You regain HP and MP as you explore.


Message History

Aim: an orc, wielding a +0 dagger (almost dead, 82% to hit)
The blast of sand hits the orc.
You kill the orc!
The orc hits you but does no damage.
The orc hits you from afar with a +0 trident.
The orc barely misses you. x2
Casting: Sandblast (safe; 3% risk of failure)
Confirm with . or Enter, or press ? or * to list all spells.
Aiming: Sandblast (safe; 3% risk of failure)
Press: ? - help, Shift-Dir - straight line, f - orc
Aim: an orc, wielding a +0 dagger (82% to hit)
The blast of sand hits the orc!
You kill the orc!
The orc closely misses you. The orc hits you with a +0 hand axe.
Unknown command.
Casting: Sandblast (safe; 3% risk of failure)
Confirm with . or Enter, or press ? or * to list all spells.
Aiming: Sandblast (safe; 3% risk of failure)
Press: ? - help, Shift-Dir - straight line, f - orc
Aim: an orc, wielding a +0 hand axe (82% to hit)
The blast of sand hits the orc!
You kill the orc!
The orc throws a boomerang of dispersal.
The boomerang of dispersal hits you.
You blink.
A worm, 3 rats, Sigmund and an orc come into view.
Found a whip and a stone.
Sigmund hits you with a +0 scythe!
The orc throws a boomerang of dispersal.
The boomerang of dispersal barely misses you.
The river rat moves out of view.
Your Conjurations skill increases to level 1!
Okay, then.
Blink to where?
Press: ? - help, Dir - move target
As you read the scroll labelled HALU VOWUFU, it crumbles to dust.
It was a scroll of blinking.
The orc throws a boomerang of dispersal.
The boomerang of dispersal closely misses you.
Sigmund casts a spell at you. The puff of flame hits you!
You die...

,
,............r#*
,
................#
* ,
............@..#
.............###
............##*,
..........#.
.......o.####..
......))....... ,
, *
.......@.>..... ,
, .......).......
,* , , ,
........"...... ,
............... ,
,
,.......#.......
....... ....?.. ,
....... .......
?#..... ....... ,


You could see Sigmund and an orc.

Vanquished Creatures
  2 worms (D:2)
  3 orcs (D:3)
  A ball python (D:2)
  4 endoplasms
  A giant cockroach (D:1)
  A hobgoblin (D:1)
  2 bats
  A kobold (D:1)
  A rat (D:1)
16 creatures vanquished.

Notes
Turn   | Place    | Note
-------+----------+-------------------------------------------
     0 | D:1      | redmage the Meteoran Earth Elementalist began the quest for
                  | the Orb.
     0 | D:1      | Reached XP level 1. HP: 14/14 MP: 5/5
    97 | D:2      | Reached XP level 2. HP: 20/20 MP: 4/6
   138 | D:2      | Reached skill level 4 in Earth Magic
   141 | D:2      | Reached XP level 3. HP: 26/26 MP: 2/8
   144 | D:2      | Learned a level 2 spell: Passwall
   148 | D:2      | Learned a level 3 spell: Stone Arrow
   236 | D:3      | Noticed Sigmund
   237 | D:3      | Reached skill level 1 in Conjurations
   238 | D:3      | Killed from afar by Sigmund

Illustrated notes

Levels and vault maps discovered:
D:1:      tarquinn_simple_flora_water_a, layout_basic, kennysheep_small_spiral,
          corexii_leaking_fountain, dreamdust_princess_corridor
D:2:      layout_basic
D:3:      layout_rooms, mainiacjoe_overflow_paths, portal_sewer_entry_b,
          uniq_sigmund

Skill      XL: |  1  2  3 |
---------------+----------+-----
Spellcasting   | 3 |  3.1
Earth Magic    | 4 |  4.1
Transmutations | 2 |  2.0
Conjurations   | 1 |  1.1
Dodging        | |  2.4
Stealth        | |  1.4

Action                     || total
---------------------------++-------
   Cast: Sandblast         ||    23
    Use: Scroll            ||     1
 Armour: Robe              ||     2
  Dodge: Dodged            ||     8
